 Dungeon Sprint DCSS version 0.21-a0-331-gfb491b4 (webtiles) character file.

80 potatolord6000 the Insei (level 4, -2/37 HPs)
             Began as a Gnoll Transmuter on Oct 2, 2017.
             Was a Believer of Sif Muna.
             Slain by an orc priest
             ... wielding a +0 hand axe of electrocution
              (10 damage)
             ... in the Dungeon (Sprint VII: "The Pits").
             The game lasted 00:02:15 (544 turns).

potatolord6000 the Insei (Gnoll Transmuter)          Turns: 544, Time: 00:02:16

Health: -2/37      AC:  8    Str: 12    XL:     4   Next: 39%
Magic:  9/11       EV: 13    Int: 17    God:    Sif Muna [**....]
Gold:   0          SH:  0    Dex: 15    Spells: 13/14 levels left

rFire    . . .     SeeInvis .   a - +1 long sword (flame)
rCold    . . .     Gourm    .   (no shield)
rNeg     . . .     Faith    .   r - +3 ring mail
rPois    .         Spirit   .   (no helmet)
rElec    .         Reflect  .   (no cloak)
rCorr    .         Harm     .   (no gloves)
MR       .....     NoTele   +   (no boots)
Stlth    ++........             (no amulet)
HPRegen  0.12/turn              (no ring)
MPRegen  0.12/turn              (no ring)

@: appendage
A: distributed training, fangs 1, horns 2, strong nose
a: End Transformation, Divine Energy, Renounce Religion


You were in the Dungeon.
You worshipped Sif Muna.
Sif Muna was pleased with you.
You were not hungry.
You had grown temporary horns.
You visited 1 branch

Inventory:

Hand Weapons
 a - a +1 long sword of flaming (weapon)
Armour
 r - a +3 ring mail (worn)
Scrolls
 j - a scroll of blinking
 l - 3 scrolls of remove curse
 m - 5 scrolls of amnesia
 n - a scroll of summoning
Potions
 e - 5 potions of curing
 f - 6 potions of heal wounds
 g - a potion of haste
 h - 4 potions of magic
 i - 3 potions of berserk rage
 k - 2 potions of invisibility
Books
 c - a book of Changes

   Spells                             Type                      Level
   a - Beastly Appendage              Transmutation                1
   b - Sticks to Snakes               Transmutation                2
   c - Spider Form                    Transmutation/Poison         3
   d - Ice Form                       Ice/Transmutation            4
   e - Blade Hands                    Transmutation                5
Comestibles
 d - 8 bread rations
 o - 40 fruits
 p - 7 meat rations


   Skills:
 + Level 3.7 Fighting
 + Level 2.6 Short Blades
 + Level 2.6 Long Blades
 + Level 2.6 Axes
 + Level 2.6 Maces & Flails
 + Level 2.6 Polearms
 + Level 2.6 Staves
 + Level 2.6 Slings
 + Level 2.6 Bows
 + Level 2.6 Crossbows
 + Level 2.6 Throwing
 + Level 2.6 Armour
 + Level 5.3 Dodging
 + Level 2.6 Stealth
   Level 0.0 Stabbing
 + Level 2.6 Shields
   Level 0.0 Traps
 + Level 7.1 Unarmed Combat
 + Level 5.7 Spellcasting
 + Level 2.6 Conjurations
 + Level 2.6 Hexes
 + Level 2.6 Charms
 + Level 2.6 Summonings
 + Level 2.6 Necromancy
 + Level 2.6 Translocations
 + Level 5.3 Transmutations
 + Level 2.6 Fire Magic
 + Level 2.6 Ice Magic
 + Level 2.6 Air Magic
 + Level 2.6 Earth Magic
 + Level 2.6 Poison Magic
 + Level 2.6 Invocations
 + Level 2.6 Evocations


You had 13 spell levels left.
You knew the following spells:

 Your Spells              Type           Power        Failure   Level  Hunger
a - Beastly Appendage     Tmut           ###...       3%          1    None


Dungeon Overview and Level Annotations

Branches:
Dungeon (1/1)

Altars:
Ashenzari
Cheibriados
Dithmenos
Elyvilon
Fedhas
Gozag
Hepliaklqana
Kikubaaqudgha
Makhleb
Nemelex Xobeh
Okawaru
Qazlal
Ru
Sif Muna
Trog
Uskayaw
Vehumet
Wu Jian
Xom
Yredelemnul
Zin
The Shining One
Beogh
Jiyva
Lugonu


Innate Abilities, Weirdness & Mutations

Your experience applies equally to all skills.
You have very sharp teeth.
Your uncanny sense of smell can sniff out nearby items.
You have a pair of horns on your head.


Message History

You feel clever. The orc priest closely misses you.
Things that are here:
a dagger; a robe Unknown command.
You hit the orc priest. You burn the orc priest. You headbutt the orc priest.
The orc priest is heavily wounded.
The orc priest calls down the wrath of Beogh upon you.
Beogh smites you!
Unknown command.
You hit the orc priest. You burn the orc priest.
Your bite misses the orc priest.
The orc priest is severely wounded.
The orc priest mumbles some strange prayers to Beogh against you.
Pain shoots through your body!
* * * LOW HITPOINT WARNING * * *
The orc priest hits you with a hand axe of electrocution.
* * * LOW HITPOINT WARNING * * *
You are electrocuted!
You die...

##########.##.....
#..........÷'.....
#'#####'#####.....
#.#..#...'.##.....
#.#..#...#.#####'#
#.#..#####.##.....
#.#..'..)#.##.....
#.#..'..÷'.##.....
#@#..########...<.
#o#..'[))).##.....
#o#..#.)))[##.....
#K###########.....
#o. ###### #...
##.#o ∆∆ ..oo ∆∆
.# #. ∆∆


You could see a big kobold, an orc priest and 2 orcs.

Vanquished Creatures
  A jelly (D)
  An orc wizard (D)
  2 oozes (D)
  An adder skeleton (D)
  A giant cockroach (D)
  5 jackals (D)
  A kobold (D)
  A rat (D)
13 creatures vanquished.

Notes
Turn   | Place    | Note
-------+----------+-------------------------------------------
     0 | D        | potatolord6000 the Gnoll Transmuter began the quest for the Orb.
     0 | D        | Reached XP level 1. HP: 17/17 MP: 6/6
    64 | D        | Found a bloodstained altar of Trog.
    64 | D        | Found a deep blue altar of Sif Muna.
    64 | D        | Found a viscous altar of Jiyva.
    64 | D        | Found a hazy altar of Hepliaklqana.
    64 | D        | Found an opulent altar of Gozag.
    65 | D        | Found a glowing golden altar of the Shining One.
    65 | D        | Found a glowing silver altar of Zin.
    65 | D        | Found a basalt altar of Yredelemnul.
    65 | D        | Found a shimmering altar of Xom.
    65 | D        | Found an ornate altar of the Wu Jian Council.
    65 | D        | Found a sacrificial altar of Ru.
    65 | D        | Found a stormy altar of Qazlal.
    65 | D        | Found an iron altar of Okawaru.
    65 | D        | Found a sparkling altar of Nemelex Xobeh.
    65 | D        | Found a burning altar of Makhleb.
    65 | D        | Found a blossoming altar of Fedhas.
    65 | D        | Found a white marble altar of Elyvilon.
    65 | D        | Found a shadowy altar of Dithmenos.
    65 | D        | Found a snail-covered altar of Cheibriados.
    67 | D        | Found a radiant altar of Vehumet.
    67 | D        | Found a corrupted altar of Lugonu.
    67 | D        | Found a roughly hewn altar of Beogh.
    68 | D        | Found a hide-covered altar of Uskayaw.
    68 | D        | Found an ancient bone altar of Kikubaaqudgha.
    68 | D        | Found a shattered altar of Ashenzari.
    70 | D        | Became a worshipper of Sif Muna the Loreminder
    83 | D        | Reached skill level 5 in Spellcasting
    84 | D        | Reached skill level 1 in Short Blades
    84 | D        | Reached skill level 1 in Long Blades
    84 | D        | Reached skill level 1 in Axes
    84 | D        | Reached skill level 1 in Maces & Flails
    84 | D        | Reached skill level 1 in Polearms
    84 | D        | Reached skill level 1 in Staves
    84 | D        | Reached skill level 1 in Slings
    84 | D        | Reached skill level 1 in Bows
    84 | D        | Reached skill level 1 in Crossbows
    84 | D        | Reached skill level 1 in Throwing
    84 | D        | Reached skill level 1 in Armour
    84 | D        | Reached skill level 1 in Stealth
    84 | D        | Reached skill level 1 in Shields
    84 | D        | Reached skill level 1 in Conjurations
    84 | D        | Reached skill level 1 in Hexes
    84 | D        | Reached skill level 1 in Charms
    84 | D        | Reached skill level 1 in Summonings
    84 | D        | Reached skill level 1 in Necromancy
    84 | D        | Reached skill level 1 in Translocations
    84 | D        | Reached skill level 1 in Fire Magic
    84 | D        | Reached skill level 1 in Ice Magic
    84 | D        | Reached skill level 1 in Air Magic
    84 | D        | Reached skill level 1 in Earth Magic
    84 | D        | Reached skill level 1 in Poison Magic
    84 | D        | Reached skill level 1 in Invocations
    84 | D        | Reached skill level 1 in Evocations
    84 | D        | Reached XP level 2. HP: 23/23 MP: 6/8
   124 | D        | Reached * piety under Sif Muna
   336 | D        | Reached XP level 3. HP: 28/29 MP: 9/9
   342 | D        | Reached ** piety under Sif Muna
   342 | D        | Reached skill level 5 in Dodging
   342 | D        | Reached skill level 5 in Transmutations
   536 | D        | Noticed a big kobold
   536 | D        | Noticed an ice beast
   541 | D        | Reached skill level 7 in Unarmed Combat
   541 | D        | Reached XP level 4. HP: 33/37 MP: 9/11
   544 | D        | Slain by an orc priest

Vault maps used:
D:        pitsprint

Skill      XL: |  1  2  3 |
---------------+----------+-----
Spellcasting   | 5 |  5.7
Short Blades   | 1 2 |  2.6
Long Blades    | 1 2 |  2.6
Axes           | 1 2 |  2.6
Maces & Flails | 1 2 |  2.6
Polearms       | 1 2 |  2.6
Staves         | 1 2 |  2.6
Slings         | 1 2 |  2.6
Bows           | 1 2 |  2.6
Crossbows      | 1 2 |  2.6
Throwing       | 1 2 |  2.6
Armour         | 1 2 |  2.6
Stealth        | 1 2 |  2.6
Shields        | 1 2 |  2.6
Conjurations   | 1 2 |  2.6
Hexes          | 1 2 |  2.6
Charms         | 1 2 |  2.6
Summonings     | 1 2 |  2.6
Necromancy     | 1 2 |  2.6
Translocations | 1 2 |  2.6
Fire Magic     | 1 2 |  2.6
Ice Magic      | 1 2 |  2.6
Air Magic      | 1 2 |  2.6
Earth Magic    | 1 2 |  2.6
Poison Magic   | 1 2 |  2.6
Invocations    | 1 2 |  2.6
Evocations     | 1 2 |  2.6
Fighting       | 3 |  3.7
Dodging        | 5 |  5.3
Transmutations | 5 |  5.3
Unarmed Combat | 7 |  7.1

Action                   |  1- 3 |  4- 6 || total
-------------------------+-------+-------++-------
Melee: Falchion          |    22 |       ||    22
       Headbutt          |     7 |     1 ||     8
       Unarmed           |     1 |       ||     1
       Bite              |     4 |       ||     4
       Kick              |     1 |       ||     1
       Long sword        |     2 |     2 ||     4
       Punch             |     1 |       ||     1
 Cast: Beastly Appendage |     6 |       ||     6
  Use: Potion            |     1 |       ||     1
 Stab: Sleeping          |     1 |       ||     1
Armor: Robe              |     2 |       ||     2
       Ring mail         |     1 |       ||     1
Dodge: Dodged            |    27 |     1 ||    28
       Rpst.: Falchion   |    10 |       ||    10

Table legend:
 A = Spawn XP
 B = Non-spawn XP
 C = Spawn XP percentage of total XP
 D = Spawn monster count
 E = Non-spawn monster count
 F = Spawn count percentage of total count
 G = Total turns spent on level
                    A         B        C        D         E        F      G
               +---------+---------+-------+---------+---------+-------+---------
         Total |       0 |     115 |   0.0 |       0 |      13 |   0.0 |   544
               +---------+---------+-------+---------+---------+-------+---------
             D |       0 |     115 |   0.0 |       0 |      13 |   0.0 |   544
               +---------+---------+-------+---------+---------+-------+---------
